 Dungeon Crawl Stone Soup version 0.25-a0-734-g73332aeda9 (webtiles) character file.

Game seed: 6322917684510996204, levelgen mode: deterministic

3308 kae the Grappler (level 9, -1/57 HPs)
             Began as a Pale Draconian Transmuter on Apr 10, 2020.
             Was a Believer of Hepliaklqana.
             Slain by an orc warrior
             ... wielding a +0 short sword
              (3 damage)
             ... on level 8 of the Dungeon.
             The game lasted 00:07:58 (8561 turns).

kae the Grappler (Pale Draconian Transmuter)        Turns: 8561, Time: 00:07:59

Health: -1/57      AC:  2    Str: 15    XL:     9   Next: 70%
Magic:  2/18       EV: 19    Int: 13    God:    Hepliaklqana [**....]
Gold:   498        SH:  0    Dex: 18    Spells: 6/21 levels left

rFire    . . .     SeeInvis .     - Unarmed
rCold    . . .     Gourm    .   (shield currently unavailable)
rNeg     . . .     Faith    .   (armour unavailable)
rPois    x         Spirit   .   (helmet currently unavailable)
rElec    .         Reflect  .   (cloak currently unavailable)
rCorr    .         Harm     .   (gloves currently unavailable)
MR       +....                  (boots currently unavailable)
Stlth    ++........             (no amulet)
HPRegen  0.19/turn              j - ring of protection from magic
MPRegen  0.16/turn              (no ring)

@: lethally poisoned (-1 -> -3), spider-form (expiring), very slightly
contaminated
A: tiny, (breathe steam), unfitting armour, reduced essence, AC +7
a: End Transformation, Recall Ancestor, Ancestor Identity, Renounce Religion


You were on level 8 of the Dungeon.
You worshipped Hepliaklqana.
Hepliaklqana was pleased with you.
You were hungry.
You were a venomous arachnid creature.
You visited 2 branches of the dungeon, and saw 9 of its levels.

You collected 547 gold pieces.
You spent 49 gold pieces at shops.

Inventory:

Missiles
 a - 139 arrows
Armour
 f - a scarf of resistance (melded)
 v - a +1 cloak
Jewellery
 j - a ring of protection from magic (left front leg)
Wands
 l - a wand of enslavement (5)
 o - a wand of paralysis (18)
 q - a wand of polymorph (16)
 t - a wand of iceblast (9)
 y - a wand of random effects (21)
 C - a wand of flame (20)
Scrolls
 b - a scroll of torment {unknown}
 e - 3 scrolls of immolation
 g - a scroll of magic mapping
 m - 4 scrolls of enchant weapon
 n - 2 scrolls of teleportation
 p - a scroll of remove curse
 s - 2 scrolls of amnesia
 x - a scroll of blinking
Potions
 d - 3 potions of curing
 h - 2 potions of brilliance
 i - 3 potions of flight
 k - a potion of mutation
 r - a potion of resistance
 u - 2 potions of stabbing
 w - 2 potions of invisibility
 z - a potion of heal wounds
 A - a potion of cancellation
Comestibles
 c - 15 rations


   Skills:
 - Level 1.1 Fighting
 - Level 1.7 Dodging
 * Level 10.2 Unarmed Combat
 + Level 6.6 Spellcasting
 + Level 7.1 Transmutations


You had 6 spell levels left.
You knew the following spells:

 Your Spells              Type           Power        Failure   Level  Hunger
a - Beastly Appendage     Tmut           ###...       4%          1    None
b - Sticks to Snakes      Tmut           ###.....     6%          2    #......
c - Spider Form           Tmut/Pois      ##........   26%         3    ###....
d - Ice Form              Ice/Tmut       ##......     58%         4    ####...
e - Blade Hands           Tmut           ###.......   45%         5    ######.

Your spell library contained the following spells:

 Spells                   Type           Power        Failure   Level  Hunger
 Animate Skeleton         Necr           N/A          34%         1    None
 Apportation              Tloc           #.....       34%         1    None
 Corona                   Hex            #......      34%         1    None
 Summon Small Mammal      Summ           #...         34%         1    None


Dungeon Overview and Level Annotations

Branches:
Dungeon (8/15)             Temple (1/1) D:5
   Lair: D:8-11

Altars:
Cheibriados
Dithmenos
Elyvilon
Fedhas
Gozag
Hepliaklqana
Kikubaaqudgha
Makhleb
Nemelex Xobeh
Okawaru
Qazlal
Ru
Sif Muna
Trog
Uskayaw
Vehumet
Wu Jian
Xom
Yredelemnul
The Shining One

Shops:
D:5 *   D:6 :


Innate Abilities, Weirdness & Mutations

((You can breathe blasts of scalding, opaque steam.))
((Your pale cyan-grey scales are hard. (AC +7)))
You cannot fit into any form of body armour.
((You are cold-blooded and may be slowed by cold attacks.))
Your life essence is reduced to manifest your ancestor. (-10% HP)


Message History

You hit the orc warrior but do no damage.
The orc warrior hits you with a +0 short sword.
You bite the orc warrior!
The orc warrior is poisoned.
The orc warrior is moderately wounded.
Your transformation is almost over.
You feel sick.
The orc warrior hits you with a +0 short sword!
You hit the orc warrior.
The orc warrior looks as sick as possible!
The orc warrior is moderately wounded.
The orc warrior misses you.
The orc warrior hits you with a +0 short sword!!
* * * LOW HITPOINT WARNING * * *
You hit the orc warrior.
The orc warrior looks as sick as possible!
The orc warrior is severely wounded.
* * * LOW HITPOINT WARNING * * *
You feel sick.
The orc warrior hits you with a +0 short sword.
You die...

...............#
...............#
...........##+## .
#####......#... ..
#......#..##+## ...
#......#..##..##..#
#####......#..##......#
...........#...Ro.....+
...........#..##s.##+##
...........'..##..#
...........#..##..#
#'#####'########..#
#...#......+ #+##
#...#......#
############ #...#
.....


You could see the friendly Ayize the hexer and an orc warrior.

Vanquished Creatures
  A hornet (D:8)
  3 hogs (D:7)
  Eustachio (D:4)
  An ice beast (D:6)
  A sky beast (D:5)
  2 phantoms
  3 ogres
  2 centaurs
  2 bullfrogs (D:6)
  2 scorpions
  6 killer bees (D:8)
  3 wights (D:7)
  2 centaur zombies
  A jelly (D:5)
  2 hounds (D:6)
  5 orc wizards
  Crazy Yiuf (D:4)
  An orc priest (D:4)
  2 centaur skeletons
  A bullfrog skeleton (D:4)
  2 iguanas
  4 worker ants
  2 hound skeletons
  A worker ant zombie (D:5)
  6 gnolls (D:4)
  6 adders
  An ooze (D:7)
  2 adder skeletons
  3 worms
  3 dart slugs
  9 leopard geckos
  11 orcs
  2 ball pythons
  A giant cockroach (D:5)
  4 goblins
  A hobgoblin (D:2)
  4 jackals
  4 bats
  4 frilled lizards
  A jackal skeleton (D:6)
  4 kobolds
  A quokka skeleton (D:4)
  7 rats
  4 fungi (D:6)
  A toadstool (D:6)
130 creatures vanquished.

Vanquished Creatures (collateral kills)
  A hog (D:7)
  A human (D:7)
  A worker ant (D:8)
  A hound zombie (D:8)
  A giant cockroach (D:8)
  2 jackals (D:7)
7 creatures vanquished.

Vanquished Creatures (others)
  An ancestor (D:7)
  4 toadstools (D:6)
5 creatures vanquished.

Grand Total: 142 creatures vanquished

Notes
Turn   | Place    | Note
-------+----------+-------------------------------------------
     0 | D:1      | kae the Draconian Transmuter began the quest for the Orb.
     0 | D:1      | Reached XP level 1. HP: 16/16 MP: 3/3
   212 | D:1      | Reached XP level 2. HP: 10/23 MP: 3/5
  1013 | D:2      | Reached XP level 3. HP: 21/28 MP: 4/6
  1017 | D:2      | Learned a level 2 spell: Sticks to Snakes
  1021 | D:2      | Learned a level 3 spell: Spider Form
  1355 | D:2      | Found a faded altar of an unknown god.
  1704 | D:3      | Reached skill level 4 in Unarmed Combat
  1801 | D:3      | Reached XP level 4. HP: 22/35 MP: 4/8
  2441 | D:4      | Noticed an ogre
  2450 | D:4      | Reached XP level 5. HP: 36/40 MP: 5/9
  2553 | D:4      | Found a shimmering blue altar of Sif Muna.
  2611 | D:4      | Killed an ogre
  2611 | D:4      | Reached skill level 5 in Unarmed Combat
  2685 | D:4      | Reached XP level 6. HP: 44/47 MP: 10/10
  3134 | D:4      | Noticed Eustachio
  3148 | D:4      | Killed Eustachio
  3619 | D:4      | Found a runed translucent door.
  3620 | D:4      | Noticed Crazy Yiuf
  3671 | D:4      | Reached skill level 6 in Unarmed Combat
  3671 | D:4      | Your scales start taking on a pale cyan-grey colour.
  3671 | D:4      | Reached XP level 7. HP: 52/52 MP: 8/12
  3921 | D:4      | Killed Crazy Yiuf
  3975 | D:5      | Entered Level 5 of the Dungeon
  4007 | D:5      | Found Kiwo's Assorted Antiques.
  4013 | D:5      | Bought a scroll labeled QIFFOAL HAMAO for 26 gold pieces
  4013 | D:5      | Bought a metallic grey potion for 23 gold pieces
  4027 | D:5      | Found a hide-covered altar of Uskayaw.
  4047 | D:5      | Found a shimmering blue altar of Sif Muna.
  4247 | D:5      | Found a staircase to the Ecumenical Temple.
  4434 | Temple   | Entered the Ecumenical Temple
  4501 | Temple   | Became a worshipper of Hepliaklqana the Forgotten
  4531 | D:5      | Found a snail-covered altar of Cheibriados.
  5032 | D:6      | Found a burning altar of Makhleb.
  5038 | D:6      | Reached skill level 7 in Unarmed Combat
  5121 | D:6      | Found a blossoming altar of Fedhas.
  5184 | D:6      | Reached XP level 8. HP: 33/53 MP: 12/14
  5267 | D:6      | Noticed a moth of wrath
  5270 | D:6      | Found a bloodstained altar of Trog.
  5287 | D:6      | Reached skill level 5 in Transmutations
  5393 | D:6      | HP: 2/53 [centaur/arrow (12)]
  5727 | D:6      | Found Lerr's Book Shoppe.
  5742 | D:6      | Found an iron altar of Okawaru.
  5764 | D:6      | Found an ornate altar of the Wu Jian Council.
  5777 | D:6      | Reached skill level 5 in Spellcasting
  5811 | D:6      | Reached skill level 8 in Unarmed Combat
  6254 | D:7      | Reached * piety under Hepliaklqana
  6523 | D:7      | Learned a level 4 spell: Ice Form
  6529 | D:7      | Learned a level 5 spell: Blade Hands
  7071 | D:7      | Found a sacrificial altar of Ru.
  7144 | D:7      | Reached XP level 9. HP: 38/57 MP: 13/17
  7150 | D:7      | Reached skill level 9 in Unarmed Combat
  8109 | D:8      | Reached skill level 10 in Unarmed Combat
  8464 | D:8      | Reached ** piety under Hepliaklqana
  8470 | D:8      | Remembered your ancestor Ayize as a hexer
  8561 | D:8      | HP: 2/57 [poisoned by an adder]
  8561 | D:8      | Slain by an orc warrior

Levels and vault maps discovered:
D:1:      roderic_crossed_star, layout_basic, minmay_strange_pillars
D:2:      layout_basic, chequers_ecumenical_altar_simple_redux, first_ration
D:3:      layout_loops_cross
D:4:      layout_basic, lemuel_blue_sif_altar, uniq_eustachio,
          uniq_crazy_yiuf_cottage
D:5:      layout_loops_corners, nicolae_overflow_hidden_temple,
          lemuel_doored_altar, minmay_temple_entry_overgrown, basic_altar,
          serial_shops, shop, minmay_misc_feat_plants
D:6:      layout_rooms, nicolae_overflow_crystal_walls,
          makhleb_heckhound_becter, tgw_trog, fedhas_altar_3,
          okawaru_metal_pillars_1_2, serial_shops, shop,
          kennysheep_big_empty_room, minmay_gold_behind_fungi
D:7:      layout_rooms, grunt_livestock, nicolae_ru_path_of_blood
D:8:      cheibrodos_iron_armory, layout_gridville, uniq_harold
Temple:   nicolae_temple_x_marks_the_god

Skill      XL: |  1  2  3  4  5  6  7  8  9 |
---------------+----------------------------+-----
Unarmed Combat | 4 5 6 7 8 10 | 10.2
Transmutations | 3 4 6 7 |  7.1
Spellcasting   | 3 4 5 6 |  6.6
Fighting       | |  1.1
Dodging        | |  1.7

Action                   |  1- 3 |  4- 6 |  7- 9 || total
-------------------------+-------+-------+-------++-------
Melee: Unarmed           |   111 |    93 |   303 ||   507
       Kick              |     7 |     1 |    12 ||    20
       Tailslap          |     8 |     3 |    26 ||    37
       Headbutt          |     4 |       |     4 ||     8
       Punch             |       |       |     2 ||     2
 Cast: Beastly Appendage |    18 |     2 |    12 ||    32
       Spider Form       |     2 |     7 |    24 ||    33
       Sticks to Snakes  |       |       |     3 ||     3
       Blade Hands       |       |       |     1 ||     1
Invok: Recall Ancestor   |       |       |     1 ||     1
       Ancestor Life: He |       |       |     1 ||     1
 Abil: Breathe Steam     |       |       |     4 ||     4
Evoke: Wand              |       |     1 |       ||     1
  Use: Scroll            |     4 |     5 |    13 ||    22
       Potion            |       |       |     1 ||     1
 Stab: Sleeping          |     1 |     1 |     2 ||     4
       Paralysed         |       |     4 |       ||     4
       Distracted        |       |       |     2 ||     2
  Eat: Chunk             |     3 |     7 |    13 ||    23
       Ration            |       |       |     2 ||     2
Armor: Skin              |    42 |    16 |    46 ||   104
Dodge: Dodged            |    76 |    62 |   168 ||   306

Table legend:
 A = Non-vault XP
 B = Vault XP
 C = Vault XP percentage of total XP
 D = Non-vault monster count
 E = Vault monster count
 F = Vault count percentage of total count
                 A         B        C        D         E       F
            +---------+---------+-------+---------+---------+-------
      Total |    3449 |    1278 |  27.0 |     119 |      13 |   9.8
            +---------+---------+-------+---------+---------+-------
        D:1 |      21 |       0 |   0.0 |      12 |       0 |   0.0
        D:2 |      55 |       0 |   0.0 |      19 |       0 |   0.0
        D:3 |     102 |       0 |   0.0 |      10 |       0 |   0.0
        D:4 |     524 |     237 |  31.1 |      18 |       2 |  10.0
        D:5 |     291 |       0 |   0.0 |       9 |       0 |   0.0
        D:6 |     972 |      51 |   5.0 |      17 |       6 |  26.1
        D:7 |     212 |     990 |  82.4 |      11 |       5 |  31.2
        D:8 |    1272 |       0 |   0.0 |      23 |       0 |   0.0
            +---------+---------+-------+---------+---------+-------
